 Dungeon Crawl Stone Soup version 0.29-a0-468-ge57f7f99b4 (webtiles) character file.

Game seed: 5445382316591402130

25 benadryl the Conjurer (level 2, -3/30 HPs)
             Began as a Draconian Conjurer on May 21, 2022.
             Slain by a black bear (6 damage)
             ... on level 2 of the Dungeon.
             The game lasted 00:02:56 (1435 turns).

benadryl the Conjurer (Draconian Conjurer)          Turns: 1435, Time: 00:02:57

Health: -3/30      AC: 25    Str:  9    XL:     2   Next: 82%
Magic:  3/5        EV:  2    Int: 18    God:
Gold:   70         SH:  0    Dex:  9    Spells: 4/5 levels left

rFire   . . .      SeeInvis .   f - +0 short sword
rCold   . . .      Faith    .   (no shield)
rNeg    . . .      Spirit   .   (body armour unavailable)
rPois   +          Reflect  .   (helmet currently unavailable)
rElec   .          Harm     .   (cloak currently unavailable)
rCorr   .          Rampage  .   (gloves currently unavailable)
Will    .....      NoTele   +   (boots currently unavailable)
Stlth   ++........              (no amulet)
HPRegen 0.10/turn               g - +4 ring of protection
MPRegen 0.09/turn               (no ring)

@: tree-form (expiring)
A: stationary, stasis, torment immunity, boosted hp, AC +4, unfitting armour,
(cold-blooded)
a: no special abilities


You were on level 2 of the Dungeon.
You were a tree.
You visited 1 branch of the dungeon, and saw 2 of its levels.

You collected 70 gold pieces.

Inventory:

Hand Weapons
 f - a +0 short sword (weapon)
Jewellery
 g - a +4 ring of protection (left branch)
Potions
 b - a potion of curing {@q1}
 e - a potion of flight


   Skills:
 - Level 1.7 Dodging
 - Level 1.7 Stealth
 + Level 2.4 Spellcasting
 * Level 4.6 Conjurations


You had 4 spell levels left.
You knew the following spells:

 Your Spells              Type           Power      Damage    Failure   Level
a - Magic Dart            Conj           72%        1d6       2%          1

Your spell library contained the following spells:

 Spells                   Type           Power      Damage    Failure   Level
 Searing Ray              Conj           36%        2d5       3%          2
 Dazzling Flash           Conj/Hex       20%        N/A       21%         3
 Blink                    Tloc           4%         N/A       26%         2
 Lesser Beckoning         Tloc           2%         N/A       45%         3
 Fulminant Prism          Conj/Hex       5%         3d7       54%         4
 Iskenderun's Mystic Bla  Conj/Tloc      10%        2d4       54%         4
 Manifold Assault         Tloc           2%         N/A       99%         5


Dungeon Overview and Level Annotations

Branches:
Dungeon (2/15)

Altars:


Innate Abilities, Weirdness & Mutations

You are a tree.
Your roots penetrate the ground, keeping you stationary.
You cannot be teleported.
You are immune to unholy pain and torment.
Your maximum health is greatly increased.
Your equipment is partially melded.
((Your plain brown scales are hard. (AC +4)))
You cannot fit into any form of body armour.
((You are cold-blooded and may be slowed by cold attacks.))


Message History

The black bear is severely wounded.
The black bear bites you but does no damage.
The black bear claws you but does no damage. x2
The goblin hits you but does no damage.
You aren't carrying any items that you can evoke.
You feel better.
Your transformation is almost over.
The black bear bites you but does no damage.
The black bear claws you but does no damage. x2
The goblin hits you but does no damage.
The black bear bites you but does no damage.
The black bear claws you but does no damage. x2
Magic courses through your body.
You feel your willpower return.
The black bear bites you but does no damage.
The black bear claws you.
* * * LOW HITPOINT WARNING * * *
The black bear claws you but does no damage.
The goblin hits you but does no damage.
Aiming: Magic Dart (safe; 2% risk of failure)
Press: ? - help, Q - select action Shift-Dir - straight line, f/p - black bear
Aim: a black bear (severely wounded, berserk, 100% to hit)
The magic dart hits the black bear.
The black bear is almost dead.
The black bear bites you.
* * * LOW HITPOINT WARNING * * *
The black bear barely misses you.
The black bear claws you but does no damage.
The goblin hits you but does no damage.
The black bear bites you but does no damage.
The black bear claws you but does no damage. x2
Aiming: Magic Dart (safe; 2% risk of failure)
Press: ? - help, Q - select action Shift-Dir - straight line, f/p - black bear
Aim: a black bear (almost dead, berserk, 100% to hit)
The magic dart hits the black bear.
The black bear is almost dead.
The black bear barely misses you.
The black bear claws you but does no damage.
The black bear claws you.
You die...

## ##.# ##### ##...#
#...# #.....### #...#
........######...####
#...##.........#
#.#gh♣g........#
#...##.........#
#########...####
#...# ##...##
##.#.#.##
##.......#######.
.................
###...##.##.......


You could see a black bear (berserk), a hobgoblin and a goblin.

Vanquished Creatures
  2 dart slugs (D:1)
  A bat (D:1)
  4 endoplasms
  3 goblins (D:1)
  3 hobgoblins (D:1)
  2 ball pythons (D:2)
  A frilled lizard (D:1)
  2 kobolds (D:1)
  2 rats
20 creatures vanquished.

Notes
Turn   | Place    | Note
-------+----------+-------------------------------------------
     0 | D:1      | benadryl the Draconian Conjurer began the quest for the
                  | Orb.
     0 | D:1      | Reached XP level 1. HP: 14/14 MP: 3/3
   402 | D:1      | Reached XP level 2. HP: 18/20 MP: 3/5
  1397 | D:2      | Noticed a black bear
  1435 | D:2      | Slain by a black bear

Illustrated notes

Levels and vault maps discovered:
D:1:      scummos_arrival_simple_fountains, layout_basic
D:2:      layout_loops_corners, serial_shops, shop_fountains,
          dreamdust_ecumenical_altar_hidden_monk_grotto, uniq_jessica

Action                   || total
-------------------------++-------
Melee: Unarmed           ||    16
       Tailslap          ||     7
       Short sword       ||    39
       Dagger            ||    22
       Punch             ||     1
 Cast: Magic Dart        ||    24
  Use: Potion            ||     5
       Scroll            ||     4
Armor: Skin              ||   121
Dodge: Dodged            ||    62

Table legend: (Time is in decaauts)
 A = Elapsed time spent in this place.
 B = Non-inter-level travel time spent in this place.
 C = Inter-level travel time spent in this place.
 D = Time resting spent in this place.
 E = Time spent auto-exploring this place.
 F = Levels seen in this place.
 G = Mean time per level.
                   A        B        C        D        E       F      G
               +--------+--------+--------+--------+--------+-----+--------+
         Total |   1437 |   1417 |     20 |    455 |    778 |   2 |  718.5 |
       Dungeon |   1437 |   1417 |     20 |    455 |    778 |   2 |  718.5 |
               +--------+--------+--------+--------+--------+-----+--------+

Top non-repeatable levels by time:
     D:1: 1189 daAuts
     D:2: 248 daAuts
